 Dungeon Crawl Stone Soup version 0.30.0-29-ga12c61a403 (webtiles) character file.

Game seed: 11893997578034200095

307 Graphine the Ducker (level 6, -8/48 HPs)
             Began as a Merfolk Gladiator on June 3, 2023.
             Was a Believer of Vehumet.
             Mangled by Duvessa
             ... wielding a +0 short sword
              (19 damage)
             ... on level 4 of the Dungeon.
             The game lasted 00:06:28 (2392 turns).

Graphine the Ducker (Merfolk Gladiator)             Turns: 2392, Time: 00:06:30

Health: -8/48      AC:  4    Str: 14    XL:     6   Next: 40%
Magic:  6/6        EV: 14    Int:  8    God:    Vehumet [**....]
Gold:   152        SH:  0    Dex: 17    Spells: 5/5 levels left

rFire   . . .        a - +0 long sword
rCold   . . .        (no shield)
rNeg    . . .        b - +0 leather armour
rPois   .            c - +0 helmet
rElec   .            (no cloak)
rCorr   .            (no gloves)
SInv    .            (no boots)
Will    .....        (no amulet)
Stlth   +            (no ring)
HPRegen 0.28/turn    (no ring)
MPRegen 0.10/turn

%: no passive effects
@: mighty
A: (nimble swimmer 2), mertail
a: Renounce Religion


You were on level 4 of the Dungeon.
You worshipped Vehumet.
Vehumet was pleased with you.
You visited 1 branch of the dungeon, and saw 4 of its levels.

You collected 152 gold pieces.

Inventory:

Hand Weapons
 a - a +0 long sword (weapon)
 l - a +2 dagger of draining
 r - a +1 mace of protection
Missiles
 d - 2 throwing nets
 o - 2 poisoned darts
 p - a javelin
 s - 5 boomerangs (quivered)
Armour
 b - a +0 leather armour (worn)
 c - a +0 helmet (worn)
Jewellery
 n - a ring of poison resistance
Scrolls
 e - 3 scrolls of blinking
 i - a scroll of noise
 k - a scroll of identify
 q - a scroll of teleportation
Potions
 f - 2 potions of heal wounds
 g - a potion of might
 h - 2 potions of curing {unknown}
 j - 2 potions of brilliance {unknown}
 m - a potion of lignification {unknown}
 t - a potion of attraction {unknown}


   Skills:
 + Level 4.0 Fighting
 + Level 5.2 Long Blades
 + Level 3.6 Throwing
 + Level 5.7 Dodging


You had 5 spell levels left.
You didn't know any spells.
Your spell library contained the following spells:

 Spells                   Type           Power      Damage    Failure   Level
 Searing Ray              Conj           0%         2d4       63%         2
 Beastly Appendage        Tmut           0%         N/A       50%         1
 Freeze                   Ice            0%         1d3       50%         1
 Wereblood                Tmut           0%         N/A       63%         2
 Frozen Ramparts          Ice            0%         1d1       86%         3
 Hailstorm                Conj/Ice       0%         3d3       86%         3
 Ignite Poison            Fire/Tmut/Pois 0%         N/A       86%         3
 Spider Form              Tmut/Pois      0%         N/A       86%         3
 Sticky Flame             Conj/Fire      0%         2d3       99%         4
 Ignition                 Fire           0%         3d3       100%        8


Dungeon Overview and Level Annotations

Branches:
Dungeon (4/15)
 Temple: D:4-7

Altars:
Cheibriados
Dithmenos
Hepliaklqana
Vehumet

Annotations:
D:4 Duvessa


Innate Abilities, Weirdness & Mutations

((You are very nimble when in or above water. (Stealth+, EV+, Speed+++)))
Your lower body shifts to a powerful aquatic tail in water.


Message History

Duvessa goes berserk!
Duvessa hits you with a +0 short sword. x2
Your Fighting skill increases to level 4!
You hit Duvessa.
Duvessa is moderately wounded.
Duvessa closely misses you.
You barely miss Duvessa.
Duvessa is moderately wounded.
Duvessa hits you with a +0 short sword. x2
You hit Duvessa.
Duvessa is moderately wounded.
Duvessa barely misses you. Duvessa hits you with a +0 short sword!
You are too injured to fight recklessly!
You feel much better. Duvessa hits you with a +0 short sword!
Duvessa hits you with a +0 short sword.
You are too injured to fight recklessly!
You are too injured to fight recklessly!
You are too injured to fight recklessly!
You are too injured to fight recklessly!
You are too injured to fight recklessly!
You hit Duvessa.
Duvessa is moderately wounded.
Duvessa hits you with a +0 short sword.
You barely miss Duvessa.
Duvessa is moderately wounded.
Duvessa hits you with a +0 short sword.
* * * LOW HITPOINT WARNING * * *
Duvessa hits you with a +0 short sword!
* * * LOW HITPOINT WARNING * * *
You feel much better. Duvessa closely misses you.
Duvessa hits you with a +0 short sword!
You slash Duvessa!
Duvessa is heavily wounded.
Duvessa completely misses you.
You hit Duvessa.
Duvessa is severely wounded.
You are no longer glowing.
Duvessa hits you with a +0 short sword!
* * * LOW HITPOINT WARNING * * *
Duvessa hits you with a +0 short sword!!
You die...

... #.# ... #.# ...##
#.## ....####.)#####
#...##.......#######
#....####.........####
###...##
##..PP........ #....##
###♣~P....... .....#
#~~~@e.###.. ....##
#~♣♣♣)...# ...## ##
.##.... ...# .. #...
..## ... ##. ..# ...#
..# [... .## #...# .#


You could see Duvessa (berserk).

Vanquished Creatures
  A scorpion (D:4)
  Dowan (D:4)
  An orc wizard (D:3)
  6 adders
  3 gnolls (D:3)
  A worm (D:3)
  4 dart slugs
  5 orcs (D:3)
  3 ball pythons
  5 endoplasms
  3 giant cockroaches
  4 goblins
  10 hobgoblins
  2 quokkas
  5 bats
  16 frilled lizards
  6 kobolds
  5 rats
81 creatures vanquished.

Notes
Turn   | Place    | Note
-------+----------+-------------------------------------------
     0 | D:1      | Graphine the Merfolk Gladiator began the quest for the Orb.
     0 | D:1      | Reached XP level 1. HP: 16/16 MP: 1/1
   132 | D:1      | Reached XP level 2. HP: 23/23 MP: 2/2
   436 | D:1      | Reached XP level 3. HP: 23/28 MP: 3/3
   691 | D:2      | Found a shadowy altar of Dithmenos.
   800 | D:2      | Reached XP level 4. HP: 20/35 MP: 4/4
  1349 | D:3      | Found a faded altar of an unknown god.
  1415 | D:3      | Prayed at the altar of an unknown god.
  1415 | D:3      | Became a worshipper of Vehumet
  1415 | D:3      | Reached * piety under Vehumet
  1415 | D:3      | Offered knowledge of Shock by Vehumet.
  1550 | D:3      | Reached skill level 5 in Dodging
  1605 | D:3      | Reached XP level 5. HP: 26/41 MP: 5/5
  1713 | D:3      | Reached ** piety under Vehumet
  1713 | D:3      | Offered knowledge of Searing Ray by Vehumet.
  1896 | D:3      | Found a hazy altar of Hepliaklqana.
  1999 | D:3      | Found a snail-covered altar of Cheibriados.
  2224 | D:4      | Reached skill level 5 in Long Blades
  2224 | D:4      | Reached XP level 6. HP: 39/48 MP: 6/6
  2368 | D:4      | Noticed Duvessa
  2371 | D:4      | Noticed Dowan
  2383 | D:4      | Killed Dowan
  2392 | D:4      | Mangled by Duvessa

Illustrated notes

Levels and vault maps discovered:
D:1:      nzn_arrival_settlement, layout_basic
D:2:      layout_basic, basic_altar, grunt_decor_one_mirror,
          minmay_curled_crystal, minmay_lizard_king
D:3:      layout_rooms, kennysheep_slug_shrine, nzn_hepliaklqana_mist_gate,
          ebering_ecumenical_altar_hall
D:4:      layout_cave_pods, serial_bayou_pond_d, uniq_duvessa

Skill      XL: |  1  2  3  4  5  6 |
---------------+-------------------+-----
Long Blades    | 4 5 |  5.2
Fighting       | 3 4 |  4.0
Throwing       | 3 |  3.6
Dodging        | 5 |  5.7

Action                     |  1- 3 |  4- 6 || total
---------------------------+-------+-------++-------
  Melee: Long sword        |   137 |   134 ||   271
  Throw: Throwing net      |     2 |       ||     2
         Javelin           |     1 |     1 ||     2
         Dart              |       |     2 ||     2
         Boomerang         |       |    17 ||    17
    Use: Scroll            |       |     6 ||     6
         Potion            |       |     3 ||     3
 Armour: Leather armour    |    52 |    31 ||    83
  Dodge: Dodged            |   131 |   108 ||   239
